AoeStats
← Theresallwaysahole

Baltic

512035733Analyzed
3v3 RM · 8d ago on Oct 7, 2026· 15m 35s· 6 players
Game mode
Random Map
Map size
Normal (6 player)
Population
200
Speed
Normal
Resources
Standard
Victory
Conquest
Starting age
Dark Age
Ending age
Imperial Age
RankedLock teamsTeams togetherTeam positionsShared explorationLock speedFull tech treeHidden civsTurbo modeCheats
Victory
Defeat
🇬🇧 Ethiopians · United Kingdom
1258
+15
🇬🇧 Burgundians · United Kingdom
1249
+15
🇬🇧 Magyars · United Kingdom
1186
+18
vs
🇨🇳 Muisca · China
1264
-17
🇺🇸 Huns · United States
1229
-16
🇪🇬 Spanish · Egypt
1200
-15
Theresallwaysahole
6:53 Loom
9:26 Feudal Age
10:58 Double-Bit Axe
13:31 Town Watch
13:43 Fletching
Captain Binjuice
5:06 Loom
11:22 Feudal Age
12:01 Double-Bit Axe
13:56 Bow Saw
Richard Neville, Earl of Warwick
3:23 Loom
12:36 Feudal Age
13:08 Double-Bit Axe
hehe xd
9:32 Feudal Age
11:50 Bloodlines
13:41 Forging
绵绵
Killer_2005
3:20 Loom
12:05 Feudal Age
12:35 Double-Bit Axe
16:57 Castle Age
15:29 Scale Barding Armor
Connection lost

Rejoining the realm…

Still unreachable

The connection could not be restored.

Session expired

The server has moved on; the page needs a fresh start.